 Dungeon Crawl Stone Soup version 0.18.0-1-g0107ab7 (webtiles) character file.

61 Chiseanne the Magician (level 3, 2/24 HPs)
             Began as a Demonspawn Wizard on May 5, 2016.
             Quit the game on level 1 of the Dungeon.
             The game lasted 00:04:22 (1890 turns).

Chiseanne the Magician (Demonspawn Wizard)          Turns: 1890, Time: 00:04:23

Health: 2/24       AC:  4    Str:  7    XL:     3   Next: 83%
Magic:  0/8        EV: 13    Int: 31    God:
Gold:   112        SH:  0    Dex: 11    Spells: 4 memorised, 1 level left

rFire  . . .     SeeInvis .     h - +1 club
rCold  . . .     Gourm    .     a - +0 robe
rNeg   . . .     Faith    .     (no shield)
rPois  .         Spirit   .     b - +1 hat
rElec  .         Dismiss  .     (no cloak)
rCorr  .         Reflect  .     (no gloves)
SustAt .         Harm     .     (no boots)
MR     .....                    (no amulet)
Stlth  ++........               j - +1 ring of evasion
                                l - +6 ring of intelligence

@: brilliant, very slightly contaminated, repel missiles, not resistant to
hostile enchantments, unstealthy
A: icy blue scales 1
a: no special abilities


You were on level 1 of the Dungeon.
You were not hungry.

You visited 1 branch of the dungeon, and saw 2 of its levels.

You collected 112 gold pieces.

Inventory:

Hand Weapons
 h - a +1 club (weapon)
Missiles
 e - 13 poisoned needles
 f - 53 stones (quivered)
 g - 51 arrows
Armour
 a - a +0 robe (worn)
 b - a +1 hat (worn)
Jewellery
 j - a +1 ring of evasion (right hand)
 l - a +6 ring of intelligence (left hand)
Scrolls
 i - a scroll of magic mapping
Books
 c - a book of Minor Magic

   Spells                             Type                      Level
   a - Magic Dart                     Conjuration                  1
   b - Blink                          Translocation                2
   c - Call Imp                       Summoning                    2
   d - Repel Missiles                 Charms/Air                   2
   e - Slow                           Hexes                        2
   f - Conjure Flame                  Conjuration/Fire             3
   g - Mephitic Cloud                 Conjuration/Poison/Air       3
 r - a book of Enchantments

   Spells                             Type                      Level
   a - Cause Fear                     Hexes                        4
   b - Yara's Violent Unravelling     Hexes/Transmutation          5
   c - Silence                        Hexes/Air                    5
   d - Deflect Missiles               Charms/Air                   6
   e - Haste                          Charms                       6
   f - Discord                        Hexes                        8
Comestibles
 d - a bread ration
 k - 4 meat rations
 n - 3 fruits


   Skills:
 - Level 1.7 Dodging
 - Level 1.7 Stealth
 * Level 3.8 Spellcasting
 * Level 2.6 Conjurations
   Level 1.0 Summonings
 - Level 0.8 Translocations


You had one spell level left.
You knew the following spells:

 Your Spells              Type           Power        Failure   Level  Hunger
a - Magic Dart            Conj           ####         1%          1    None
b - Blink                 Tloc           N/A          1%          2    None
c - Repel Missiles        Chrm/Air       ###...       1%          2    None
d - Mephitic Cloud        Conj/Pois/Air  ####....     1%          3    ##.....


Dungeon Overview and Level Annotations

Branches:
Dungeon (2/15)

Altars:

Annotations:
D:2 Terence


Innate Abilities, Weirdness & Mutations

You are partially covered in icy blue scales (AC +1).


Message History

The worm closely misses you. The ooze barely misses you.
The giant cockroach bites you but does no damage.
The rat bites you.
You hit the ooze but do no damage.
The ooze is moderately wounded.
The giant cockroach barely misses you. The giant cockroach closely misses you.
The ooze barely misses you.
The giant cockroach closely misses you. x2
The ooze misses you.
The giant cockroach bites you but does no damage.
The rat barely misses you. The giant cockroach closely misses you.
The worm bites you!
* * * LOW HITPOINT WARNING * * *
The ooze barely misses you.
Casting: Blink
Confirm with . or Enter, or press ? or * to list all spells.
You blink.
That item cannot be evoked!
You aren't carrying any items that you can evoke.
Unknown command.
Are you sure you want to abandon this character and quit the game? (Confirm with "yes".)

#.# ##♣♣♣..# #.#
#P.#..+ #.#######
#.###.# #.......##
#.....#
#..####..#######.##..
#.................##.
#.###############.##.
#.#....Jss.JJ...#.###
#.#.@Jswss.J....#.###
#.#.....Jrhhh...#....
#.#######'#######..##
#.#.............#.###
#.'⌠....###)...⌠'.#
#.#......<......#.# #
#.#..⌠...>...⌠..#.###
#.###'#######'###..##
#..................##


You could see a worm, 5 oozes, 2 jackals, 5 giant cockroaches and a rat.

Vanquished Creatures
  2 adders (D:2)
  A giant gecko (D:2)
  A giant cockroach (D:1)
  5 goblins
  7 hobgoblins
  2 quokkas (D:2)
  2 ball pythons (D:2)
  5 bats
  2 giant newts
  7 kobolds
  8 rats
42 creatures vanquished.

Notes
Turn   | Place    | Note
--------------------------------------------------------------
     0 | D:1      | Chiseanne the Demonspawn Wizard began the quest for the Orb.
     0 | D:1      | Reached XP level 1. HP: 13/13 MP: 4/4
     1 | D:1      | Found a runed door.
   277 | D:1      | Gained mutation: You are partially covered in icy blue scales (AC +1). [demonic ancestry]
   277 | D:1      | Reached XP level 2. HP: 16/19 MP: 0/6
   334 | D:1      | Learned a level 2 spell: Blink
   337 | D:1      | Learned a level 2 spell: Repel Missiles
  1141 | D:2      | Reached XP level 3. HP: 15/24 MP: 1/8
  1838 | D:2      | Noticed Terence
  1859 | D:1      | Learned a level 3 spell: Mephitic Cloud
  1890 | D:1      | Quit the game

Skill      XL: |  1  2 |
---------------+-------+-----
Conjurations   | 2 |  2.6
Dodging        | |  1.7
Stealth        | |  1.7
Spellcasting   | |  3.8
Summonings     | |  1.0
Translocations | |  0.8

Action                   || total
-------------------------++-------
Melee: Unarmed           ||     6
       Club              ||    23
 Cast: Magic Dart        ||    84
       Repel Missiles    ||     2
       Blink             ||     2
  Use: Potion            ||     2
       Scroll            ||     8
  Eat: Chunk             ||     3
Armor: Robe              ||    23
Dodge: Dodged            ||    78
       Deflected         ||     1
